Zazza, neutral female human Monk --------------- ---- ------ ----..--......... | ---- |>.-- --....------ |..........-..--- .----..----...| |.......--.-- ---...............................---- |...........| |...............<---------.....%..--.--|..........-| |...(...........-- |-...........|--..........| ---*......---...| ----...........-- ---........-- --.--^-----...---- --...........f..-- ---........-- | -----------...---........| |.....----.......-- |...---.....| |..........)...))..[.*.)[..---)[..-----...@....---.--| --..|.---- - --------..[-----..................................-- ---|....| |.).-- ---.--....----------................-- ---..| |..-- -----...- --.................-- ---- ---- |....- |...................| |..... --.....--..........-- ---.... ---------........-| |..... |-........| ----...| |......|.-- -.-- --..|.---- -- ------ Zazza the Initiate Experience level: 7 Strength: 15 Dexterity: 14 Constitution: 14 Intelligence: 11 Wisdom: 17 Charisma: 11 Health: 0(51) Energy: 46(47) Def: 8 Gold: 0 Moves: 6433 Dungeon seed: xYKPFryWyvl-Kzw1 Game ID: Zazza_1563913961 Your Inventory: Weapons b - 11 cursed -2 darts c - 6 +0 darts named +1 k - a +0 dagger Armor d - an uncursed +0 pair of iron shoes (being worn) e - an uncursed +2 pair of leather gloves (being worn) n - an uncursed +1 robe (being worn) I - an uncursed +0 pair of iron shoes P - a blessed +2 dwarvish roundshield Comestibles f - an uncursed food ration g - 5 uncursed apples h - 3 uncursed oranges o - an uncursed clove of garlic F - an uncursed lizard corpse Potions H - 2 uncursed potions of healing J - an uncursed potion of water Rings v - an uncursed ring of protection from shape changers Wands w - a wand of enlightenment (0:15) G - a wand of digging (0:6) R - a wand of striking (0:4) T - a wand of digging (0:4) Tools i - an uncursed mirror p - an uncursed pair of lenses (being worn) t - a blessed wax candle (0:400) u - an uncursed lock pick z - 4 blessed tallow candles (0:200) B - an uncursed leash D - an uncursed blindfold Q - a +0 pick-axe S - 5 uncursed wax candles (0:400) V - 4 uncursed tallow candles (0:200) W - an uncursed blindfold X - an uncursed oil lamp (0:1492) Gems j - 2 uncursed worthless pieces of blue glass q - 3 uncursed worthless pieces of green glass r - an uncursed jet stone s - 2 uncursed worthless pieces of yellowish brown glass x - an uncursed worthless piece of violet glass y - an uncursed worthless piece of black glass N - 2 uncursed worthless pieces of orange glass Y - 2 uncursed worthless pieces of yellow glass Spells and supernatural/magical abilities: Name Level Category Fail Memory p - protection 1 clerical 0% 68% W - pray for help -- divine ? -- Your skills at the end: Fighting Skills martial arts [Expert] Weapon Skills Spellcasting Skills healing spells [Basic] Final Attributes: You were piously aligned. You were sleep resistant. You were poison resistant. You saw invisible. You were telepathic. You were warned. You were stealthy. You were fast. You are dead. Vanquished creatures: 3 wolves 2 leprechauns an owlbear a lizard a blue jelly 2 gnome mummies 2 Mordor orcs a rock mole a fog cloud a yellow light 3 shriekers 6 gnome lords a gnomish wizard an elf zombie a ghoul a straw golem a paper golem 2 floating eyes a kitten 9 dwarves 2 homunculi 2 kobold shamans 6 hill orcs a rothe 3 giant bats 4 dwarf zombies a wererat 5 iguanas an acid blob 2 coyotes 2 hobbits 2 large kobolds 7 giant rats 5 cave spiders 2 brown molds a red mold 25 gnomes 4 garter snakes 7 geckos 3 jackals 3 foxes a kobold 3 goblins a sewer rat 18 grid bugs 3 bats 3 lichens 3 kobold zombies 3 newts 164 creatures vanquished. Voluntary challenges: You had followed a strict vegetarian diet until turn 2814. You used a wielded weapon 13 times, starting on turn 472. You read items or engraved 5 times, starting on turn 780. You never genocided any monsters. You never polymorphed an object. You never changed form. You used no wishes. You never split a pudding. You wrote Elbereth's name 1 time, starting on turn 2681. You violated your moral code, losing 12 points of alignment, starting on turn 1751. Dungeon overview: The Dungeons of Doom: levels 1 to 6 Level 1 a long staircase Level 2 Level 3 a general store, an altar to Chih Sung-tzu, a sink stairs to The Gnomish Mines Level 4 a potion shop, a fountain Level 5 many fountains Level 6 some altars to Shan Lai Ching, Chih Sung-tzu, and Huan Ti a long staircase The Gnomish Mines: levels 4 to 7 Level 4 stairs to The Dungeons of Doom Level 5 Level 6 <- You were here Level 7 History has recorded: On T:1 you entered the Dungeons of Doom to retrieve the Amulet of Yendor! On T:224 you advanced to experience level 2. On T:312 you reached level 2 of The Dungeons of Doom. On T:472 you advanced to experience level 3. On T:858 you reached level 3 of The Dungeons of Doom. On T:1333 you reached level 4 of The Dungeons of Doom. On T:1488 you advanced to experience level 4. On T:1796 you reached level 5 of The Dungeons of Doom. On T:1941 you advanced to experience level 5. On T:2739 you reached level 6 of The Dungeons of Doom. On T:3281 you reached level 1 of The Gnomish Mines. On T:3582 you reached level 2 of The Gnomish Mines. On T:3585 you advanced to experience level 6. On T:4543 you reached level 3 of The Gnomish Mines. On T:5091 you advanced to experience level 7. On T:6351 you reached level 4 of The Gnomish Mines. Score breakdown: Gold: 0 ( 0 points) Experience: 7 levels (13645 points) Exploration: 7 levels ( 14.89%) (10834 points) Discoveries: 12 items ( 4.29%) ( 6210 points) Valuables value: (no points given unless you survive) Artifact value: 0 ( 0 points) Variety of kills: 49 monsters ( 12.86%) (10758 points) Turncount: 6433 turns (-1726 points) Survival: died (score multiplied by 80%) Total score: 31776 Latest messages: You feel that Chih Sung-tzu is well-pleased. You kill the owlbear! The kobold shaman points all around, then curses. Armand misses the kobold shaman. Armand bites the kobold shaman. The kobold shaman is killed! Armand eats an owlbear corpse. "Hello, Zazza! Didn't you forget to pay?" "Hello Zazza! Didn't you forget to pay?" "Hello, Zazza! Didn't you forget to pay?" "Hello Zazza! Didn't you forget to pay?" "Hello, Zazza! Didn't you forget to pay?" Please move the cursor to an unknown object. Never mind. You displace Armand. "Hello, Zazza! Didn't you forget to pay?" Berbek doesn't like customers who don't pay. Berbek zaps a wand of striking! The wand hits you! You die... Final status: Goodbye Zazza the Monk, killed by a wand... You died in The Gnomish Mines on dungeon level 6 with 31776 points, and 0 pieces of gold, after 6433 moves. You were level 7 with a maximum of 51 hit points when you died.